AoeStats
← Rafelso

Arabia

508243958Analyzed
1v1 RM · 12d ago on Sep 21, 2026· 62m 13s· 2 players
Game mode
Random Map
Map size
Tiny (2 player)
Population
200
Speed
Normal
Resources
Standard
Victory
Conquest
Starting age
Dark Age
Ending age
Imperial Age
RankedLock teamsTeams togetherTeam positionsShared explorationLock speedFull tech treeHidden civsTurbo modeCheats
Victory
Defeat
🇩🇪 Inca · Germany
1769
+20
🇫🇷 Armenians · France
1856
-20
waggfe
7:00 Loom
9:04 Loom
11:47 Feudal Age
16:28 Castle Age
15:58 Double-Bit Axe
15:56 Horse Collar
18:35 Fletching
21:32 Bow Saw
27:57 Wheelbarrow
33:31 Imperial Age
32:33 Heavy Plow
32:32 Gold Mining
32:28 Town Watch
33:31 Squires
33:32 Scale Mail Armor
34:52 Stone Mining
35:41 Conscription
35:43 Hand Cart
35:38 Champi Runner
37:31 Chain Mail Armor
36:37 Champi Warrior
37:37 Elite Champi Warrior
38:49 Fabric Shields
40:19 Plate Mail Armor
40:58 Forging
40:39 Capped Ram
41:51 Siege Ram
43:16 Iron Casting
43:31 Masonry
45:01 Treadmill Crane
44:48 Elite Kamayuk
45:44 Andean Sling
45:40 Bodkin Arrow
45:46 Padded Archer Armor
46:46 Blast Furnace
46:54 Chemistry
45:49 Elite Skirmisher
46:35 Thumb Ring
47:42 Bracer
47:21 Crossbowman
48:21 Leather Archer Armor
48:28 Ballistics
48:49 Crop Rotation
48:24 Arbalester
51:37 Ring Archer Armor
52:40 Guilds
53:00 Siege Engineers
54:01 Gold Shaft Mining
54:02 Stone Shaft Mining
59:57 Hoardings
Rafelso
6:14 Loom
8:56 Feudal Age
9:06 Man-at-Arms
11:28 Arson
13:31 Double-Bit Axe
13:49 Long Swordsman
19:27 Padded Archer Armor
21:29 Castle Age
19:48 Fletching
20:22 Horse Collar
22:23 Bodkin Arrow
22:39 Bow Saw
22:59 Heavy Plow
23:53 Leather Archer Armor
23:01 Elite Skirmisher
29:35 Wheelbarrow
29:13 Scale Mail Armor
30:11 Town Watch
30:23 Crossbowman
32:51 Gold Mining
34:11 Ballistics
37:34 Imperial Age
36:41 Gold Shaft Mining
35:56 Stone Mining
36:52 Chain Mail Armor
38:17 Bracer
37:39 Arbalester
37:51 Capped Ram
39:00 Hand Cart
39:04 Masonry
39:09 Gambesons
39:24 Squires
40:49 Chemistry
39:48 Elite Composite Bowman
39:53 Elite Composite Bowman
40:02 Two-Handed Swordsman
43:04 Plate Mail Armor
43:04 Forging
44:04 Ring Archer Armor
43:26 Siege Ram
44:00 Champion
45:40 Conscription
47:49 Fereters
54:41 Iron Casting
60:06 Town Patrol
Connection lost

Rejoining the realm…

Still unreachable

The connection could not be restored.

Session expired

The server has moved on; the page needs a fresh start.